 Dungeon Crawl Stone Soup version 0.31-a0-1612-g4aaf141004 (webtiles) character file.

Game seed: 12228770449660483177

321 mopl the Insei (level 6, -20/41 HPs)
             Began as an Octopode Shapeshifter on Jan 9, 2024.
             Killed from afar by Ijyb (22 damage)
             ... with a bolt of dispelling energy
             ... on level 4 of the Dungeon.
             The game lasted 00:02:18 (2157 turns).

mopl the Insei (Octopode Shapeshifter)              Turns: 2157, Time: 00:02:19

Health: -20/41     AC:  1    Str: 13    XL:     6   Next: 46%
Magic:  6/6        EV: 14    Int: 12    God:
Gold:   196        SH:  0    Dex: 14    Spells: 5/5 levels left

rFire   . .          .
                       - Unarmed
rCold   . . .        (no shield)
rNeg    . . .        (helmet currently unavailable)
rPois   +            (no amulet)
rElec   .            n - ring of poison resistance
rCorr   .            (no ring)
SInv    .            (no ring)
Will    .....        (no ring)
Stlth   ++           (no ring)
HPRegen 0.26/turn    (no ring)
MPRegen 0.10/turn    (no ring)
                     (no ring)

%: no passive effects
@: beast-form
A: beast (slay +2), almost no armour, amphibious, 8 rings, camouflage 1,
gelatinous body 1, (nimble swimmer 1), tentacles
a: Begin Untransformation


You were on level 4 of the Dungeon.
You were a hulking beast.
You visited 1 branch of the dungeon, and saw 4 of its levels.

You collected 196 gold pieces.

Inventory:

Missiles
 f - 4 boomerangs (quivered)
Magical Staves
 m - a staff of fire
Jewellery
 d - a ring of flight
 n - a ring of poison resistance (left tentacle)
Talismans
 b - a beast talisman
 c - a flux talisman
Wands
 q - a wand of polymorph (8)
 u - a wand of flame (12)
Scrolls
 g - a scroll of identify {unknown}
 i - 3 scrolls of blinking {unknown}
 j - 2 scrolls of amnesia {unknown}
 k - a scroll of revelation {unknown}
 r - a scroll of teleportation {unknown}
 t - a scroll of vulnerability {unknown}
 v - a scroll of noise {unknown}
Potions
 a - 4 potions of lignification {!q}
 e - 4 potions of magic {unknown}
 h - 2 potions of invisibility {unknown}
 l - a potion of heal wounds {unknown}
 o - a potion of resistance {unknown}
 p - a potion of curing {unknown}
 s - a potion of degeneration {unknown}


   Skills:
 + Level 2.5 Fighting
 + Level 3.1 Dodging
 * Level 4.8 Unarmed Combat
 * Level 4.4 Shapeshifting


You had 5 spell levels left.
You didn't know any spells.
Your spell library was empty.

Dungeon Overview and Level Annotations

Branches:
Dungeon (4/15)
 Temple: D:4-7

Altars:

Shops:
D:4 =

Annotations:
D:4 Ijyb


Innate Abilities, Weirdness & Mutations

You are a hulking beast.
Your limbs bulge with bestial killing power. (Slay +2)
You cannot wear most types of armour.
You are amphibious.
You can wear up to eight rings at the same time.
Your skin changes colour to match your surroundings (Stealth+).
Your rubbery body absorbs attacks. (AC +1, EV +1)
((You are camouflaged when in or above water. (Stealth+)))
You have tentacles for arms and can constrict up to eight enemies at once.


Message History

j - 2 scrolls labelled BORACS XUILL (gained 1)
Found Hyblifoq's Jewellery Shoppe.
v - a scroll labelled WUYBLI WOCH
There is an entrance to Hyblifoq's Jewellery Shoppe here.
You can access your shopping list by pressing '$'.
HP restored.
Ijyb the Twisted Goblin comes into view.
She is wielding a +0 dagger and carrying a wand of quicksilver.
Found 11 gold pieces.
Ijyb shouts!
Ijyb zaps a wand.
The bolt of dispelling energy hits you!
You bludgeon Ijyb! Your grab misses Ijyb. Your squeeze misses Ijyb.
Ijyb is moderately wounded.
Ijyb hits you with a +0 dagger.
You completely miss Ijyb. Your grab misses Ijyb.
Your tentacle-slap misses Ijyb.
Ijyb is moderately wounded.
Ijyb screams, "Me stronger than you!" Ijyb misses you.
You closely miss Ijyb. Your grab misses Ijyb. Your squeeze misses Ijyb.
Ijyb is moderately wounded.
Ijyb hits you with a +0 dagger.
You are too injured to fight recklessly!
You are too injured to fight recklessly!
You are too injured to fight recklessly!
You miss Ijyb. Your grab misses Ijyb.
Ijyb is moderately wounded.
You closely miss Ijyb. Your grab misses Ijyb.
Ijyb is moderately wounded.
Ijyb zaps a wand.
The bolt of dispelling energy hits you!
* * * LOW HITPOINT WARNING * * *
You barely miss Ijyb. You grab Ijyb. You squeeze Ijyb.
Ijyb is moderately wounded.
You constrict Ijyb, but do no damage. Ijyb hits you with a +0 dagger.
* * * LOW HITPOINT WARNING * * *
You barely miss Ijyb.
Ijyb is moderately wounded.
You constrict Ijyb, but do no damage.
Ijyb zaps a wand.
The bolt of dispelling energy hits you!!
Ouch! That really hurt!
You die...

### $.# #.# # #.#
#####.### ##.#g#
#...##...
###...h#########..#####
+....$.........##.......
####....######...∩...###
##.#.# #....##.# # ###..
###..##.# # #.# #...#.#
# .## #.....### #
##....... #.######


You could see Ijyb.

Vanquished Creatures
  Sigmund (D:4)
  Jessica (D:3)
  An orc wizard (D:3)
  An adder (D:2)
  3 gnolls (D:4)
  A ribbon worm (D:2)
  3 dart slugs
  2 orcs (D:3)
  5 endoplasms
  2 giant cockroaches
  7 goblins
  13 hobgoblins
  4 jackals (D:3)
  11 kobolds
  A quokka (D:3)
  3 ball pythons
  A bat (D:2)
  6 frilled lizards
  5 rats
71 creatures vanquished.

Notes
Turn   | Place    | Note
-------+----------+-------------------------------------------
     0 | D:1      | mopl the Octopode Shapeshifter began the quest for the Orb.
     0 | D:1      | Reached XP level 1. HP: 13/13 MP: 1/1
   121 | D:1      | Reached XP level 2. HP: 18/18 MP: 2/2
   419 | D:1      | Reached XP level 3. HP: 23/23 MP: 3/3
   936 | D:2      | Reached XP level 4. HP: 13/29 MP: 4/4
  1475 | D:3      | Reached skill level 4 in Unarmed Combat
  1537 | D:3      | Noticed Jessica
  1544 | D:3      | Killed Jessica
  1545 | D:3      | Reached skill level 2 in Fighting
  1545 | D:3      | Reached XP level 5. HP: 23/34 MP: 5/5
  2043 | D:4      | Noticed Sigmund
  2051 | D:4      | Killed Sigmund
  2052 | D:4      | Reached skill level 3 in Dodging
  2052 | D:4      | Reached skill level 4 in Shapeshifting
  2052 | D:4      | Reached XP level 6. HP: 28/41 MP: 6/6
  2128 | D:4      | Found Hyblifoq's Jewellery Shoppe.
  2149 | D:4      | Noticed Ijyb
  2156 | D:4      | HP: 2/41 [Ijyb/+0 dagger (4)]
  2157 | D:4      | Killed from afar by Ijyb

Illustrated notes

Levels and vault maps discovered:
D:1:      minmay_arrival_open_corners, layout_basic, st_stairs_1
D:2:      layout_basic
D:3:      layout_loops_ring, kennysheep_jessica_study
D:4:      layout_loops_corners, serial_shops, nicolae_square_shop,
          nicolae_shop_tiny_glass, shop, shop,
          nicolae_shop_bloodbath_and_beyond, minmay_quadrilaterals,
          uniq_sigmund, uniq_ijyb, uniq_natasha

Skill      XL: |  1  2  3  4  5 |
---------------+----------------+-----
Unarmed Combat | 4 |  4.8
Fighting       | 2 |  2.5
Dodging        | 3 |  3.1
Shapeshifting  | 4 |  4.4

Action                     |  1- 3 |  4- 6 || total
---------------------------+-------+-------++-------
  Melee: Unarmed           |    72 |    57 ||   129
         Constrict         |    15 |    18 ||    33
         Tentacles         |     8 |    12 ||    20
         Punch             |     2 |     2 ||     4
   Stab: Sleeping          |     7 |     5 ||    12
 Armour: Skin              |    22 |    25 ||    47
  Dodge: Dodged            |    33 |    23 ||    56

Table legend: (Time is in decaauts)
 A = Elapsed time spent in this place.
 B = Non-inter-level travel time spent in this place.
 C = Inter-level travel time spent in this place.
 D = Time resting spent in this place.
 E = Time spent auto-exploring this place.
 F = Levels seen in this place.
 G = Mean time per level.
                   A        B        C        D        E       F      G
               +--------+--------+--------+--------+--------+-----+--------+
         Total |   2146 |   2044 |    102 |      0 |   1652 |   4 |  536.5 |
       Dungeon |   2146 |   2044 |    102 |      0 |   1652 |   4 |  536.5 |
               +--------+--------+--------+--------+--------+-----+--------+

Top non-repeatable levels by time:
     D:1: 794 daAuts
     D:3: 654 daAuts
     D:2: 583 daAuts
     D:4: 113 daAuts
